 Dungeon Crawl Stone Soup version 0.29-a0-598-gd8304a5bf4 (webtiles) character file.

Game seed: 946897624689927647

10131 bande the Cleaver (level 11, -3/68 HPs)
             Began as a Gargoyle Fighter on June 15, 2022.
             Was a High Priest of Okawaru.
             Slain by a ten-headed hydra (6 damage)
             ... on level 2 of the Lair of Beasts.
             The game lasted 00:17:03 (10828 turns).

bande the Cleaver (Gargoyle Fighter)               Turns: 10828, Time: 00:17:03

Health: -3/68      AC: 28    Str: 20    XL:     11   Next: 57%
Magic:  15/15      EV:  9    Int:  9    God:    Okawaru [*****.]
Gold:   2535       SH:  7    Dex: 23    Spells: 10/10 levels left

rFire   . . .      SeeInvis +   a - +0 war axe (spect)
rCold   + . .      Faith    .   c - +0 buckler
rNeg    + . .      Spirit   .   m - +3 scale mail "Ipigan" {rC+ Dex+10 SInv}
rPois   ∞          Reflect  .   q - +0 helmet
rElec   +          Harm     .   B - +0 cloak {Will+}
rCorr   +          Rampage  .   o - +1 pair of gloves
Will    ++...                   s - +2 pair of boots
Stlth   +.........              (no amulet)
HPRegen 0.21/turn               n - ring of resist corrosion
MPRegen 0.14/turn               f - ring of willpower

@: flying
A: sickness immunity, AC +8, negative energy resistance 1, electricity
resistance, torment resistance 1, petrification resistance, big wings
a: Renounce Religion, Heroism, Finesse, Duel


You were on level 2 of the Lair of Beasts.
You worshipped Okawaru.
Okawaru was extremely pleased with you.
You visited 3 branches of the dungeon, and saw 12 of its levels.

You collected 2862 gold pieces.
You spent 327 gold pieces at shops.

Inventory:

Hand Weapons
 a - a +0 spectral war axe (weapon)
 j - a +0 war axe
 u - a +0 arbalest
 w - a +2 flail of protection
Armour
 c - a +0 buckler (worn)
 h - a +0 plate armour
 m - the +3 scale mail "Ipigan" (worn) {rC+ Dex+10 SInv}
   (You found it on level 7 of the Dungeon)

   Dex:       It affects your dexterity (+10).
   rC:        It protects you from cold.
   SInv:      It lets you see invisible.
 o - a +1 pair of gloves (worn)
 q - a +0 helmet (worn)
 s - a +2 pair of boots (worn)
 y - a scarf of invisibility
 B - a +0 cloak of willpower (worn)
Jewellery
 f - a ring of willpower (right hand)
 i - a ring of protection from cold
 k - a ring of fire
 l - a ring of magical power
 n - a ring of resist corrosion (left hand)
Wands
 b - a wand of polymorph (11)
 d - a wand of mindburst (7)
 z - a wand of flame (26)
 E - a wand of acid (4)
Scrolls
 v - a scroll of fog
 x - a scroll of teleportation
 A - a scroll of amnesia
 D - 8 scrolls of identify
Potions
 e - 4 potions of resistance
 g - 2 potions of curing
 t - a potion of mutation
 C - a potion of cancellation


   Skills:
 + Level 7.8 Fighting
 + Level 10.5 Axes
 + Level 8.9 Armour
 - Level 0.2 Dodging
 + Level 6.4 Shields
 * Level 5.6 Invocations
 * Level 6.0 Evocations


You had 10 spell levels left.
You didn't know any spells.
Your spell library contained the following spells:

 Spells                   Type           Power      Damage    Failure   Level
 Conjure Flame            Conj/Fire      0%         6-21      98%         3
 Dazzling Flash           Conj/Hex       0%         N/A       98%         3
 Gell's Gravitas          Tloc           0%         N/A       98%         3
 Ignite Poison            Fire/Tmut/Pois 0%         N/A       98%         3
 Lesser Beckoning         Tloc           0%         N/A       98%         3
 Ozocubu's Armour         Ice            0%         N/A       98%         3
 Teleport Other           Tloc           0%         N/A       98%         3
 Iskenderun's Mystic Bla  Conj/Tloc      0%         2d3       100%        4
 Sticky Flame             Conj/Fire      0%         2d3       100%        4
 Metabolic Englaciation   Hex/Ice        0%         N/A       100%        5
 Dispersal                Tloc           0%         N/A       100%        6
 Starburst                Conj/Fire      0%         6d3       100%        6
 Disjunction              Tloc           0%         N/A       100%        8
 Simulacrum               Ice/Necr       Unusable   N/A       N/A         6

Dungeon Overview and Level Annotations

Branches:
Dungeon (9/15)             Temple (1/1) D:7            Lair (2/6) D:9
    Orc (0/2) D:9
  Swamp: Lair:2-4    Shoals: Lair:2-4     Snake: Lair:2-4    Spider: Lair:2-4

Altars:
Ashenzari
Cheibriados
Dithmenos
Elyvilon
Fedhas
Gozag
Hepliaklqana
Kikubaaqudgha
Makhleb
Nemelex Xobeh
Okawaru
Qazlal
Sif Muna
Trog
Uskayaw
Wu Jian
Xom
Zin
The Shining One

Shops:
D:5 :   D:9 ([


Innate Abilities, Weirdness & Mutations

You are immune to sickness and miasma.
Your stone body is resilient. (AC +8)
You are immune to poison.
You resist negative energy. (rN+)
You are resistant to electric shocks. (rElec)
You are resistant to unholy torment.
You are immune to petrification.
Your large and strong wings let you fly.


Message History

The black bear attacks as you move away!
The black bear bites you but does no damage.
The black bear claws you but does no damage.
You block the black bear's attack.
The ten-headed hydra attacks as you move away!
The ten-headed hydra bites you but does no damage.
The ten-headed hydra bites you!
The ten-headed hydra bites you but does no damage.
The ten-headed hydra bites you.
You block the ten-headed hydra's attack.
The ten-headed hydra bites you.
* * * LOW HITPOINT WARNING * * *
The ten-headed hydra barely misses you. x2
You block the ten-headed hydra's attack. x2
The black bear attacks as you move away!
The black bear bites you but does no damage.
You block the black bear's attack.
The black bear claws you but does no damage.
The ten-headed hydra attacks as you move away!
The ten-headed hydra closely misses you.
The ten-headed hydra bites you but does no damage. x2
You block the ten-headed hydra's attack.
The ten-headed hydra bites you but does no damage. x2
The ten-headed hydra bites you!
* * * LOW HITPOINT WARNING * * *
The ten-headed hydra barely misses you.
You block the ten-headed hydra's attack.
The ten-headed hydra bites you but does no damage.
You don't have any unidentified items.
The ten-headed hydra attacks as you move away!
You block the ten-headed hydra's attack.
The ten-headed hydra bites you but does no damage. x2
The ten-headed hydra closely misses you.
The ten-headed hydra bites you.
* * * LOW HITPOINT WARNING * * *
The ten-headed hydra bites you but does no damage.
You block the ten-headed hydra's attack.
The ten-headed hydra bites you but does no damage.
The ten-headed hydra bites you.
You die...

##.<..##......##...
#.....###......#...
#PP....P..P........
##..................
##...................
#.........P.#........
##........####.......
#...D.....###......#
##<@h...............
##.#...............
####..#.##..###...
#..####### ... ##..##
.. #....# . ###..#
####


You could see a ten-headed hydra and a black bear.

Vanquished Creatures
  A hydra (Lair:1)
  Pikel (D:6)
  A cyclops (D:8)
  Joseph (D:9)
  A cane toad (Lair:1)
  A molten gargoyle (Lair:1)
  A komodo dragon (Lair:2)
  6 blink frogs (Lair:1)
  A shadow (D:7)
  A wyvern (Lair:2)
  11 yaks
  2 steam dragons (D:6)
  12 water moccasins
  3 orc warriors
  A sky beast (D:7)
  3 black bears
  A centaur (D:9)
  A phantom (D:4)
  A lemure (D:6)
  3 bullfrogs
  3 kobold brigands
  5 scorpions
  2 necrophages
  4 wights (D:6)
  11 killer bees (D:8)
  A jelly (D:8)
  4 hounds
  2 orc priests
  4 iguanas
  5 orc wizards
  Robin (D:4)
  6 adders
  8 gnolls
  6 shadow imps
  6 ufetubi (D:5)
  2 worms
  A dart slug (D:1)
  27 orcs
  9 ball pythons
  5 bats
  5 endoplasms
  3 giant cockroaches
  15 goblins
  5 hobgoblins
  6 jackals
  3 quokkas
  2 frilled lizards (D:1)
  14 kobolds
  2 rats
220 creatures vanquished.

Vanquished Creatures (others)
  2 bushes (Lair:2)
  5 fungi
  8 plants
15 creatures vanquished.

Grand Total: 235 creatures vanquished

Notes
Turn   | Place    | Note
-------+----------+-------------------------------------------
     0 | D:1      | bande the Gargoyle Fighter began the quest for the Orb.
     0 | D:1      | Reached XP level 1. HP: 14/14 MP: 1/1
   216 | D:1      | Reached XP level 2. HP: 19/19 MP: 2/2
   471 | D:1      | Reached skill level 2 in Axes
  1069 | D:2      | Reached XP level 3. HP: 16/23 MP: 3/3
  1901 | D:2      | Gained mutation: You are frail. (-10% HP) [potion of
                  | mutation]
  1921 | D:3      | Reached XP level 4. HP: 24/26 MP: 4/4
  2218 | D:3      | Reached skill level 3 in Axes
  2220 | D:3      | Found a faded altar of an unknown god.
  2240 | D:3      | Reached XP level 5. HP: 28/29 MP: 5/5
  2303 | D:3      | Found a burning altar of Makhleb.
  2303 | D:3      | Noticed a balrug
  2328 | D:3      | Found a hazy altar of Hepliaklqana.
  2487 | D:3      | Found a burning altar of Makhleb.
  2910 | D:4      | Noticed a black bear
  2913 | D:4      | Killed a black bear
  2914 | D:4      | Reached XP level 6. HP: 34/34 MP: 6/6
  2915 | D:4      | Reached skill level 4 in Axes
  3113 | D:4      | Reached skill level 5 in Armour
  3123 | D:4      | Noticed Robin
  3134 | D:4      | Killed Robin
  3140 | D:4      | Reached XP level 7. HP: 38/39 MP: 7/7
  3210 | D:4      | Reached skill level 5 in Axes
  3370 | D:5      | Entered Level 5 of the Dungeon
  3370 | D:5      | Found Jiawod's Book Emporium.
  3459 | D:5      | Identified a scroll of acquirement
  3459 | D:5      | Acquired 1305 gold pieces
  3474 | D:5      | Reached skill level 1 in Evocations
  3529 | D:5      | Lost mutation: You are frail. (-10% HP) [potion of
                  | mutation]
  3529 | D:5      | Gained mutation: Your large and strong wings let you fly.
                  | [potion of mutation]
  3572 | D:5      | Reached XP level 8. HP: 48/48 MP: 8/8
  3575 | D:5      | Found a glowing silver altar of Zin.
  3622 | D:5      | Acquired 942 gold pieces
  3645 | D:5      | Reached skill level 6 in Axes
  3697 | D:5      | Reached skill level 5 in Fighting
  4571 | D:6      | HP: 2/49 [steam dragon/ball of steam (10)]
  4970 | D:6      | Noticed Pikel
  4986 | D:6      | Killed Pikel
  4987 | D:6      | Reached skill level 7 in Axes
  4987 | D:6      | Reached XP level 9. HP: 40/54 MP: 9/9
  5729 | D:6      | Reached skill level 5 in Shields
  5809 | D:7      | Found a staircase to the Ecumenical Temple.
  5818 | Temple   | Entered the Ecumenical Temple
  5886 | Temple   | Became a worshipper of Warmaster Okawaru
  6118 | D:7      | Reached skill level 1 in Invocations
  6156 | D:7      | Reached skill level 8 in Axes
  6178 | D:7      | Identified the +3 scale mail "Ipigan" {rC+ Dex+10 SInv}
  6618 | D:8      | Found a snail-covered altar of Cheibriados.
  6669 | D:8      | Reached * piety under Okawaru
  6704 | D:8      | Noticed a cyclops
  6719 | D:8      | Killed a cyclops
  6720 | D:8      | Reached XP level 10. HP: 13/60 MP: 10/12
  7140 | D:8      | Reached ** piety under Okawaru
  8044 | D:9      | Noticed Joseph
  8054 | D:9      | Killed Joseph
  8055 | D:9      | Reached skill level 9 in Axes
  8218 | D:9      | Found a staircase to the Orcish Mines.
  8239 | D:9      | Found Buxtyb's Antique Weapon Boutique.
  8244 | D:9      | Bought a runed hand axe for 132 gold pieces
  8350 | D:9      | Reached *** piety under Okawaru
  8428 | D:9      | Reached skill level 5 in Evocations
  8604 | D:9      | Found Neerarus's Armour Shoppe.
  8631 | D:9      | Found a staircase to the Lair.
  8693 | D:9      | Bought a +0 cloak of willpower for 195 gold pieces
  8905 | Lair:1   | Entered Level 1 of the Lair of Beasts
  8936 | Lair:1   | Noticed a cane toad
  8945 | Lair:1   | Killed a cane toad
  8954 | Lair:1   | Reached **** piety under Okawaru
  8963 | Lair:1   | Reached XP level 11. HP: 57/67 MP: 14/14
  9089 | Lair:1   | Noticed a five-headed hydra
  9106 | Lair:1   | Killed a five-headed hydra
  9106 | Lair:1   | Reached ***** piety under Okawaru
  9107 | Lair:1   | Reached skill level 10 in Axes
  9107 | Lair:1   | Reached skill level 5 in Invocations
  9673 | Lair:1   | HP: 3/67 [yak (8)]
 10810 | Lair:2   | Noticed an eight-headed hydra
 10828 | Lair:2   | HP: 3/68 [ten-headed hydra (5)]
 10828 | Lair:2   | Slain by a ten-headed hydra

Illustrated notes

Levels and vault maps discovered:
D:1:      dpeg_arrival_tiny_c, layout_loops_ring, grunt_decor_resistance
D:2:      layout_loops_ring, minmay_tetromino_s2
D:3:      minmay_skewed_foursquare, layout_basic, mainiacjoe_overflow_alcove_1,
          makhleb_altar_promises_db, serial_forest,
          infiniplex_forest_clump_curved, infiniplex_forest_straight_1,
          infiniplex_forest_clump_medium, infiniplex_forest_straight_2,
          infiniplex_forest_zigzag_1, hellmonk_ecumenical_altar_dog_temple,
          kennysheep_flooded_box
D:4:      layout_basic, uniq_robin
D:5:      layout_rooms, lemuel_doored_altar, serial_demonic, serial_demonic_c,
          serial_demonic_a, serial_demonic_d, serial_demonic_f, serial_shops,
          nicolae_diamond_shop
D:6:      layout_loops_ring, uniq_pikel
D:7:      layout_loops_ring, minmay_temple_entry_ruins,
          nicolae_figureground_sparkle
D:8:      layout_basic, lemuel_crystal_altar, minmay_misc_feat_tower,
          grunt_decor_clamped
D:9:      layout_gridville, lair_entry_dummy, serial_shops,
          nicolae_shop_temple_entry_statues_fountains, kennysheep_little_box,
          solitary_fountain, minmay_misc_feat_more_columns, uniq_joseph
Temple:   eino_narrow_crystal_temple
Lair:1:   layout_gridlike, grunt_megastairs_2
Lair:2:   layout_layer_cave, grunt_forest_large_clearing_hut,
          serial_bayou_shore_a

Skill      XL: |  1  2  3  4  5  6  7  8  9 10 11 |
---------------+----------------------------------+-----
Axes           | 2 3 4 5 7 8 9 10 | 10.5
Armour         | 4 5 6 7 8 |  8.9
Shields        | 4 5 6 |  6.4
Fighting       | 4 5 6 7 |  7.8
Evocations     | 1 3 4 5 6 |  6.0
Invocations    | 2 4 5 |  5.6
Dodging        | |  0.2

Action                   |  1- 3 |  4- 6 |  7- 9 | 10-12 || total
-------------------------+-------+-------+-------+-------++-------
Melee: War axe           |   119 |    64 |   190 |   233 ||   606
       Flail             |       |       |       |    13 ||    13
  Use: Scroll            |     7 |     4 |     5 |     5 ||    21
       Potion            |     1 |       |     3 |     4 ||     8
 Stab: Distracted        |       |       |     2 |     2 ||     4
Armor: Scale mail        |    33 |       |    21 |   213 ||   267
       Chain mail        |    37 |       |       |       ||    37
       Plate armour      |       |    44 |   115 |       ||   159
Dodge: Dodged            |    44 |    15 |    52 |   129 ||   240
Block: Buckler           |    23 |    11 |    32 |   103 ||   169

Table legend: (Time is in decaauts)
 A = Elapsed time spent in this place.
 B = Non-inter-level travel time spent in this place.
 C = Inter-level travel time spent in this place.
 D = Time resting spent in this place.
 E = Time spent auto-exploring this place.
 F = Levels seen in this place.
 G = Mean time per level.
                   A        B        C        D        E       F      G
               +--------+--------+--------+--------+--------+-----+--------+
         Total |  10961 |  10746 |    215 |   2524 |   6354 |  12 |  913.4 |
       Dungeon |   8941 |   8744 |    197 |   1549 |   5659 |   9 |  993.4 |
        Temple |     83 |     65 |     18 |      0 |     56 |   1 |   83.0 |
          Lair |   1936 |   1936 |      0 |    975 |    639 |   2 |  968.0 |
               +--------+--------+--------+--------+--------+-----+--------+

Top non-repeatable levels by time:
  Lair:1: 1873 daAuts
     D:6: 1671 daAuts
     D:8: 1410 daAuts
     D:1: 1090 daAuts
     D:3: 934 daAuts
     D:9: 922 daAuts
     D:2: 876 daAuts
     D:5: 778 daAuts
     D:7: 713 daAuts
     D:4: 543 daAuts
  Temple: 83 daAuts
  Lair:2: 62 daAuts
